 Dungeon Crawl Stone Soup version 0.21-a0-200-gb89f83b (webtiles) character file.

139 CanOfBees the Skirmisher (level 5, -1/55 HPs)
             Began as an Ogre Hunter on Aug 14, 2017.
             Slain by an orc
             ... wielding a +1 trident of protection
              (8 damage)
             ... on level 3 of the Dungeon on Aug 16, 2017.
             The game lasted 00:06:56 (2393 turns).

CanOfBees the Skirmisher (Ogre Hunter)              Turns: 2393, Time: 00:06:56

Health: -1/55      AC:  3    Str: 17    XL:     5   Next: 22%
Magic:  5/5        EV: 10    Int: 12    God:
Gold:   42         SH:  0    Dex:  9    Spells: 4/4 levels left

rFire    . . .     SeeInvis .   g - +1 dagger (venom)
rCold    . . .     Gourm    .   (no shield)
rNeg     . . .     Faith    .   b - +0 robe
rPois    .         Spirit   .   (helmet restricted)
rElec    .         Reflect  .   (no cloak)
rCorr    .         Harm     .   (gloves unavailable)
MR       .....                  (boots unavailable)
Stlth    +.........             (no amulet)
HPRegen  0.18/turn              (no ring)
MPRegen  0.09/turn              (no ring)

@: no status effects
A: unfitting armour, tough skin 1
a: no special abilities


You were on level 3 of the Dungeon.
You were not hungry.

You visited 1 branch of the dungeon, and saw 3 of its levels.

You collected 42 gold pieces.

Inventory:

Hand Weapons
 a - a +0 short sword
 g - a +1 dagger of venom (weapon)
 k - a +0 hunting sling
 s - a +0 rapier
Missiles
 d - a throwing net (quivered)
 h - 48 stones
Armour
 b - a +0 robe (worn)
Scrolls
 e - 3 scrolls of identify {unknown}
 i - a scroll of teleportation {unknown}
 o - a scroll of fog {unknown}
 r - a scroll of remove curse {unknown}
Potions
 l - 2 potions of curing
 m - a potion of lignification {unknown}
 n - a potion of might {unknown}
 q - a potion of magic
Books
 p - a book of Misfortune

   Spells                             Type                      Level
   a - Confusing Touch                Hexes                        1
   b - Confuse                        Hexes                        3
   c - Gell's Gravitas                Translocation                3
   d - Petrify                        Transmutation/Earth          4
   e - Metabolic Englaciation         Hexes/Ice                    5
   f - Yara's Violent Unravelling     Hexes/Transmutation          5
Comestibles
 f - a bread ration
 j - 4 fruits


   Skills:
 * Level 4.6 Fighting
 * Level 4.6 Throwing
 + Level 3.2 Dodging
 - Level 0.6 Stealth


You had 4 spell levels left.
You didn't know any spells.

Dungeon Overview and Level Annotations

Branches:
Dungeon (3/15)

Altars:
Yredelemnul


Innate Abilities, Weirdness & Mutations

You are too large for most types of armour.
You have tough skin. (AC +1)


Message History

* * * LOW HITPOINT WARNING * * *
It was a potion of curing.
You feel better. The orc barely misses you.
An orc comes into view.
It is wielding an enchanted short sword.
It was a potion of magic.
Magic courses through your body.
The orc shouts!
The orc closely misses you. The orc hits you but does no damage.
You hit the orc.
The orc is moderately wounded.
The orc hits you from afar with a trident of protection.
* * * LOW HITPOINT WARNING * * *
The orc barely misses you.
You hit the orc.
The orc is poisoned.
The orc is heavily wounded.
The orc hits you from afar with a trident of protection.
* * * LOW HITPOINT WARNING * * *
The orc closely misses you.
You closely miss the orc.
The orc is almost dead.
The orc hits you from afar with a trident of protection!
You die...

############
..##......#
#.##.####.#
####.##.####.#
#.........##.#
#.##.##.#.##.#
#.##.##.##.#.##.#
#(.ooo@.##......#
..(.[..####.......#
####### #.......#
#.#######
##.......#
.......<#######
#........#
#..####)#.....#
#.<......#
#.#.....#
#........#
#.##.......#
#.......<#
#..........#
#.########


You could see 3 orcs.

Vanquished Creatures
  Terence (D:2)
  An orc wizard (D:3)
  Robin (D:2)
  An adder (D:2)
  2 worms (D:2)
  A leopard gecko (D:1)
  4 orcs
  3 giant cockroaches
  9 goblins
  7 hobgoblins
  6 jackals (D:2)
  A quokka (D:2)
  7 bats
  A frilled lizard (D:1)
  5 kobolds (D:2)
  3 rats
53 creatures vanquished.

Notes
Turn   | Place    | Note
-------+----------+-------------------------------------------
     0 | D:1      | CanOfBees the Ogre Hunter began the quest for the Orb.
     0 | D:1      | Reached XP level 1. HP: 22/22 MP: 1/1
   168 | D:1      | Reached XP level 2. HP: 23/31 MP: 2/2
  1122 | D:2      | Noticed Robin
  1133 | D:2      | Killed Robin
  1133 | D:2      | Reached XP level 3. HP: 36/39 MP: 3/3
  1180 | D:2      | Found a basalt altar of Yredelemnul.
  1265 | D:2      | Upgraded the game from 0.21-a0-193-g085b6a0 to 0.21-a0-200-gb89f83b
  1429 | D:2      | Reached XP level 4. HP: 37/48 MP: 4/4
  1670 | D:2      | Noticed Terence
  1681 | D:2      | Killed Terence
  2388 | D:3      | Reached XP level 5. HP: 11/55 MP: 5/5
  2393 | D:3      | Slain by an orc

Vault maps used:
D:1:      dpeg_arrival_rooms_with_view
D:2:      lemuel_crystal_altar, uniq_terence, uniq_robin
D:3:      marbit_many_paths

Skill      XL: |  1  2  3  4 |
---------------+-------------+-----
Dodging        | 2 3 |  3.2
Fighting       | 3 4 |  4.6
Throwing       | |  4.6
Stealth        | |  0.6

Action                   |  1- 3 |  4- 6 || total
-------------------------+-------+-------++-------
Melee: Short sword       |    65 |       ||    65
       Dagger            |    28 |    28 ||    56
       Hunting sling     |       |     1 ||     1
 Fire: Hunting sling     |       |     8 ||     8
Throw: Stone             |    70 |    87 ||   157
       Large rock        |     8 |    17 ||    25
       Throwing net      |     1 |     2 ||     3
  Use: Potion            |       |     2 ||     2
 Stab: Sleeping          |     1 |       ||     1
  Eat: Chunk             |     2 |     1 ||     3
       Royal jelly       |       |     1 ||     1
Armor: Robe              |    74 |    16 ||    90
Dodge: Dodged            |    87 |    43 ||   130
